 Dungeon Crawl Stone Soup version 0.29.1-13-g9f3cf754e1 (webtiles) character file.

Game seed: 8332205696506790998

995 EmilyW the Covered (level 7, -8/61 HPs)
             Began as a Minotaur Fighter on Jan 24, 2023.
             Mangled by a komodo dragon (17 damage)
             ... on level 7 of the Dungeon on Jan 25, 2023.
             The game lasted 00:24:23 (4981 turns).

EmilyW the Covered (Minotaur Fighter)               Turns: 4981, Time: 00:24:24

Health: -8/61      AC: 21    Str: 20    XL:     7   Next: 99%
Magic:  6/6        EV:  4    Int: 11    God:
Gold:   322        SH: 14    Dex: 12    Spells: 6/6 levels left

rFire   + . .      SeeInvis .   p - +2 trident (protect)
rCold   x . .      Faith    .   F - +1 tower shield {AC+3}
rNeg    . . .      Spirit   .   q - +0 chain mail
rPois   .          Reflect  .   (helmet restricted)
rElec   .          Harm     .   (no cloak)
rCorr   .          Rampage  .   y - +0 pair of gloves
Will    .....                   (no boots)
Stlth   ..........              t - amulet of regeneration
HPRegen 1.00/turn               n - +6 ring of intelligence
MPRegen 0.10/turn               v - ring of fire

@: mighty, under a protective aura
A: horns 2, retaliatory headbutt
a: no special abilities


You were on level 7 of the Dungeon.
You visited 1 branch of the dungeon, and saw 7 of its levels.

You collected 322 gold pieces.

Inventory:

Hand Weapons
 a - a +0 war axe
 p - a +2 trident of protection (weapon)
Missiles
 l - 3 javelins (quivered)
Armour
 q - a +0 chain mail (worn)
 y - a +0 pair of gloves (worn)
 F - a +1 tower shield of protection (worn)
Jewellery
 n - a +6 ring of intelligence (left hand)
 r - a ring of flight
 t - an amulet of regeneration (around neck)
 v - a ring of fire (right hand)
Wands
 k - a wand of charming (6)
 x - a wand of flame (9)
Scrolls
 h - a scroll of poison
 m - a scroll of blinking
 o - 2 scrolls of noise {unknown}
 s - a scroll of amnesia {unknown}
 w - 2 scrolls of vulnerability {unknown}
 A - a scroll of enchant armour {unknown}
 C - 3 scrolls of teleportation
 E - a scroll of summoning {unknown}
Potions
 b - 3 potions of brilliance {unknown}
 e - 3 potions of berserk rage
 f - a potion of cancellation
 g - 2 potions of curing
 i - 2 potions of lignification {unknown}
 j - 2 potions of heal wounds {unknown}
 u - a potion of flight {unknown}
 z - a potion of invisibility
 B - a potion of magic {unknown}
 D - a potion of degeneration {unknown}


   Skills:
 + Level 5.3 Fighting
 + Level 4.1(5.4) Axes
 + Level 5.5(6.2) Polearms
 + Level 3.2 Throwing
 + Level 6.1 Armour
 + Level 2.0 Dodging
 + Level 0.3 Stealth
 + Level 4.9 Shields


You had 6 spell levels left.
You didn't know any spells.
Your spell library contained the following spells:

 Spells                   Type           Power      Damage    Failure   Level
 Gell's Gravitas          Tloc           0%         N/A       100%        3
 Lesser Beckoning         Tloc           0%         N/A       100%        3
 Teleport Other           Tloc           0%         N/A       100%        3


Dungeon Overview and Level Annotations

Branches:
Dungeon (6/15)
 Temple: D:4-7

Altars:
Dithmenos
Okawaru
Yredelemnul

Shops:
D:4 =


Innate Abilities, Weirdness & Mutations

You have a pair of horns on your head.
You reflexively headbutt those who attack you in melee.


Message History

The gnoll hits you with a +0 spear.
A komodo dragon comes into view.
You block the gnoll's attack. You block the orc priest's attack.
Items here: )) [ †.
You closely miss the orc priest.
Your attacks no longer feel as feeble.
The gnoll is no longer moving quickly.
The gnoll barely misses you.
The gnoll hits you from afar with a +0 spear.
The orc priest mumbles some strange prayers to Beogh against you.
Pain shoots through your body!
The gnoll hits you but does no damage. x2
You completely miss the orc priest.
The orc priest calls down the wrath of Beogh upon you.
Pain shoots through your body! You block the gnoll's attack.
The gnoll hits you but does no damage.
The orc priest hits you but does no damage.
You puncture the orc priest!
Your weapon exudes an aura of protection.
Your headbutt misses the orc priest.
The orc priest is severely wounded.
You block the gnoll's attack.
The gnoll hits you from afar with a +0 spear.
The orc priest mumbles some strange prayers to Beogh against you.
Beogh smites you!
* * * LOW HITPOINT WARNING * * *
The gnoll barely misses you. You furiously retaliate!
You headbutt the gnoll!
You feel better. The gnoll hits you but does no damage.
The orc priest hits you but does no damage.
You puncture the orc priest!
You kill the orc priest!
The gnoll hits you from afar with a +0 spear.
* * * LOW HITPOINT WARNING * * *
The gnoll hits you but does no damage. You block the gnoll's attack.
You block the komodo dragon's attack. You block the gnoll's attack.
The gnoll hits you with a +0 spear.
* * * LOW HITPOINT WARNING * * *
You see here a +0 flail.
You barely miss the gnoll.
The gnoll is severely wounded.
The komodo dragon bites you!
You die...

.# .# # .. . #####
.# .# #######...
.##.# #........#
.#(.#
#........####..[####
#!..........gg......
#.........##@l####..
#........##))##
#........##.##
#........##.#
#........##.#
#############


You could see a komodo dragon and 2 gnolls.

Vanquished Creatures
  Grinder (D:3)
  A black bear (D:4)
  3 ogres
  A scorpion (D:4)
  2 jellies (D:5)
  A hound (D:5)
  A gnoll bouda (D:7)
  2 orc priests
  Ijyb (D:4)
  Terence (D:2)
  2 gnolls (D:7)
  5 adders
  A worm (D:2)
  2 dart slugs
  11 orcs
  6 endoplasms
  4 giant cockroaches
  12 goblins
  6 hobgoblins
  2 jackals (D:4)
  6 kobolds
  3 quokkas
  10 ball pythons
  13 bats
  8 rats
  A spectral orc (D:3)
  5 toadstools (D:1)
111 creatures vanquished.

Vanquished Creatures (others)
  A fungus (D:1)
  2 plants (D:1)
3 creatures vanquished.

Grand Total: 114 creatures vanquished

Notes
Turn   | Place    | Note
-------+----------+-------------------------------------------
     0 | D:1      | EmilyW the Minotaur Fighter began the quest for the Orb.
     0 | D:1      | Reached XP level 1. HP: 19/19 MP: 0/0
   102 | D:1      | Reached XP level 2. HP: 23/27 MP: 1/1
   164 | D:1      | Found a faded altar of an unknown god.
   192 | D:1      | You fall into a shaft and drop 1 floor!
   224 | D:2      | Reached skill level 4 in Armour
   518 | D:1      | Reached XP level 3. HP: 31/33 MP: 2/2
   799 | D:2      | Noticed Terence
   814 | D:2      | Killed Terence
  1153 | D:2      | Reached XP level 4. HP: 33/40 MP: 3/3
  1705 | D:3      | Noticed Grinder
  1713 | D:3      | Paralysed by Grinder for 4 turns
  1717 | D:3      | Killed Grinder
  1718 | D:3      | Reached skill level 1 in Throwing
  1718 | D:3      | Reached skill level 5 in Armour
  1718 | D:3      | Reached skill level 1 in Dodging
  1718 | D:3      | Reached XP level 5. HP: 40/47 MP: 4/4
  1794 | D:3      | Reached XP level 6. HP: 52/53 MP: 5/5
  1831 | D:3      | Found a basalt altar of Yredelemnul.
  2069 | D:3      | Found a shadowy altar of Dithmenos.
  2444 | D:4      | Found Totsuf's Jewellery Shoppe.
  2966 | D:4      | Noticed Ijyb
  2991 | D:4      | Killed Ijyb
  2992 | D:4      | Reached XP level 7. HP: 60/60 MP: 6/6
  3159 | D:4      | Reached skill level 5 in Fighting
  3541 | D:5      | Entered Level 5 of the Dungeon
  3725 | D:5      | Found an iron altar of Okawaru.
  4118 | D:5      | Reached skill level 5 in Polearms
  4937 | D:6      | You fall into a shaft and drop 1 floor!
  4970 | D:7      | Reached skill level 6 in Armour
  4974 | D:7      | Noticed a komodo dragon
  4977 | D:7      | HP: 3/61 [orc priest/divine providence (17)]
  4981 | D:7      | Mangled by a komodo dragon

Illustrated notes

Levels and vault maps discovered:
D:1:      ldierk_walled_garden, layout_rooms, dreamdust_ecumenical_altar_grove
D:2:      layout_loops_ring, uniq_terence
D:3:      layout_loops_ring, yredelemnul_forgotten_temple_becter,
          nicolae_dithmenos_through_a_glass_darkly, kennysheep_minor_cross,
          minmay_surrounded, uniq_grinder
D:4:      cheibrodos_old_hovel, layout_layer_cave, serial_shops, shop,
          dk_rats_in_the_wall, uniq_ijyb
D:5:      layout_loops_corners, okawaru_gym_becter, minmay_stone_trees_small
D:6:      layout_basic, minmay_temple_entry_enclosed_plants, uniq_duvessa,
          uniq_sigmund
D:7:      layout_rooms, mainiacjoe_overflow_small_starburst, serial_park_tiny_2

Skill      XL: |  1  2  3  4  5  6  7 |
---------------+----------------------+-----
Armour         | 4 5 6 |  6.1
Fighting       | 4 5 |  5.3
Axes           | 3 4 |  4.1
Shields        | 4 |  4.9
Polearms       | 2 3 5 |  5.5
Throwing       | 1 2 3 |  3.2
Dodging        | 1 2 |  2.0
Stealth        | |  0.3

Action                   |  1- 3 |  4- 6 |  7- 9 || total
-------------------------+-------+-------+-------++-------
Melee: War axe           |    96 |       |       ||    96
       Headbutt          |    13 |    19 |    17 ||    49
       Trident           |     5 |    99 |    75 ||   179
Throw: Javelin           |     8 |    34 |       ||    42
  Use: Scroll            |     5 |     3 |       ||     8
       Potion            |       |       |     2 ||     2
Armor: Scale mail        |    36 |       |       ||    36
       Chain mail        |     3 |    67 |    64 ||   134
Dodge: Dodged            |    41 |    43 |    28 ||   112
Block: Buckler           |    22 |    25 |     6 ||    53
       Tower shield      |       |       |    51 ||    51
